 Dungeon Crawl Stone Soup version 0.28-a0-565-g7719699fd9 (webtiles) character file.

Game seed: 10927046253882248012

24 Drevant2 the Vexing (level 2, 0/16 HPs)
             Began as a Deep Elf Arcane Marksman on Oct 1, 2021.
             Slain by a goblin (3 damage)
             ... on level 1 of the Dungeon.
             The game lasted 00:01:40 (732 turns).

Drevant2 the Vexing (Deep Elf Arcane Marksman)       Turns: 732, Time: 00:01:41

Health: 0/16       AC:  2    Str:  7    XL:     2   Next: 79%
Magic:  6/6        EV: 12    Int: 17    God:
Gold:   3          SH:  0    Dex: 15    Spells: 4/4 levels left

rFire   . . .      SeeInvis .   a - +0 shortbow
rCold   . . .      Faith    .   (shield currently unavailable)
rNeg    . . .      Spirit   .   d - +0 robe
rPois   .          Reflect  .   (no helmet)
rElec   .          Harm     .   (no cloak)
rCorr   .          Rampage  .   (no gloves)
Will    .....                   (no boots)
Stlth   +.........              (no amulet)
HPRegen 0.05/turn               (no ring)
MPRegen 0.10/turn               (no ring)

@: no status effects
A: no striking features
a: no special abilities


You were on level 1 of the Dungeon.
You visited 1 branch of the dungeon, and saw 1 of its levels.

You collected 3 gold pieces.

Inventory:

Hand Weapons
 a - a +0 shortbow (weapon)
Missiles
 c - 6 arrows (quivered ammo)
Armour
 d - a +0 robe (worn)
Jewellery
 e - an amulet of the acrobat
Scrolls
 g - a scroll of fear {unknown}
 h - a scroll of acquirement {unknown}


   Skills:
 - Level 0.7 Fighting
 * Level 4.0 Bows
 - Level 2.4 Dodging
 - Level 1.5 Spellcasting
 + Level 4.5 Hexes


You had 4 spell levels left.
You didn't know any spells.
Your spell library contained the following spells:

 Spells                   Type           Power      Damage    Failure   Level
 Slow                     Hex            16%        N/A       4%          2
 Inner Flame              Hex/Fire       8%         N/A       24%         3
 Portal Projectile        Hex/Tloc       16%        N/A       24%         3
 Cause Fear               Hex            8%         N/A       32%         4


Dungeon Overview and Level Annotations

Branches:
Dungeon (1/15)

Altars:


Message History

The arrow hits the kobold.
The kobold is heavily wounded.
The jackal bites you.
You shoot an arrow. The arrow closely misses the jackal.
The arrow hits the kobold!
You kill the kobold!
The jackal bites you but does no damage.
The jackal bites you.
You shoot an arrow. The arrow hits the jackal.
The jackal is almost dead.
The jackal barely misses you. The jackal bites you.
You are too injured to fight recklessly!
You are too injured to fight recklessly!
You are too injured to fight recklessly!
You are too injured to fight recklessly!
You aren't carrying any potions.
You don't know any spells.
You are too injured to fight recklessly!
You are too injured to fight recklessly!
Fire: 9 arrows
Press: ? - help, Q - select action Shift-Dir - straight line, f/p - jackal
Aim: a jackal (almost dead, 51% to hit)
You shoot an arrow. The arrow hits the jackal.
You kill the jackal!
The jackal bites you.
Your Bows skill increases to level 4!
Fire: 8 arrows
Press: ? - help, Q - select action Shift-Dir - straight line, f - jackal
Aim: a jackal (53% to hit)
You shoot an arrow. The arrow hits the jackal!
You kill the jackal!
The goblin hits you with a +0 club.
* * * LOW HITPOINT WARNING * * *
Fire: 7 arrows
Press: ? - help, Q - select action Shift-Dir - straight line, f - goblin
Aim: a goblin, wielding a +0 club (53% to hit)
You shoot an arrow.
The arrow hits the goblin but does no damage.
The goblin hits you with a +0 club.
You die...

####.###.....####..##..#.#
......>...........####...#
####.###.....####### #####
#.# #....†.....). #.#
###..######## #.# ##..# #.
#...# #.#.# #@#.#
##g#.####. ####.).......
.###....†...####
.........#......
.........#..####
$........#..#
.........#... #......((#
.##


You could see a goblin.

Vanquished Creatures
  A dart slug (D:1)
  3 bats (D:1)
  2 endoplasms (D:1)
  4 goblins (D:1)
  2 hobgoblins (D:1)
  2 jackals (D:1)
  A quokka (D:1)
  3 kobolds (D:1)
18 creatures vanquished.

Notes
Turn   | Place    | Note
-------+----------+-------------------------------------------
     0 | D:1      | Drevant2 the Deep Elf Arcane Marksman began the quest for
                  | the Orb.
     0 | D:1      | Reached XP level 1. HP: 11/11 MP: 5/5
   303 | D:1      | Reached XP level 2. HP: 16/16 MP: 6/6
   732 | D:1      | Slain by a goblin

Illustrated notes

Levels and vault maps discovered:
D:1:      dpeg_arrival_pits, layout_loops_ring

Skill      XL: |  1  2 |
---------------+-------+-----
Bows           | 3 4 |  4.0
Fighting       | |  0.7
Dodging        | |  2.4
Spellcasting   | |  1.5
Hexes          | |  4.5

Action                   || total
-------------------------++-------
 Fire: Shortbow          ||    63
  Use: Potion            ||     2
Armor: Robe              ||     5
Dodge: Dodged            ||    13

Table legend: (Time is in decaauts)
 A = Elapsed time spent in this place.
 B = Non-inter-level travel time spent in this place.
 C = Inter-level travel time spent in this place.
 D = Time resting spent in this place.
 E = Time spent auto-exploring this place.
 F = Levels seen in this place.
 G = Mean time per level.
                   A        B        C        D        E       F      G
               +--------+--------+--------+--------+--------+-----+--------+
         Total |    740 |    740 |      0 |      0 |    622 |   1 |  740.0 |
       Dungeon |    740 |    740 |      0 |      0 |    622 |   1 |  740.0 |
               +--------+--------+--------+--------+--------+-----+--------+

Top non-repeatable levels by time:
     D:1: 740 daAuts
